Map: Deathaura LE

Players

Massa - Winner!

  • Race: Terran Terran
  • League: Platinum
  • Spawn Location: 11:00

Eatlead

  • Race: Protoss Protoss
  • Spawn Location: 5:00

VOD

Have the link to the VOD?

Description

Time

  • Played on: Feb. 23, 2021, 2:18 p.m.
  • Length: 4:34
Show
View Real Time Build Order
Export as new Build Order

Massa Terran - Winner!

Build Orders: Reaper Expand 

Get SALT Encoding   

  12  0:00  SCV  
  13  0:12  SCV  
  14  0:22  Supply Depot  
  14  0:24  SCV  
  15  0:44  SCV  
  15  0:45  Barracks  
  16  0:51  Refinery  
  16  0:56  SCV  
  17  1:08  SCV  
  18  1:39  Orbital Command  
  18  1:49  Command Center  
  18  1:52  Reaper  
  19  2:15  SCV  
  19  2:19  Factory  
  20  2:24  Marine  
  21  2:39  Supply Depot  
  21  2:52  Marine  
  21  2:57  Barracks  
  22  3:01  Barracks  
  22  3:03  Supply Depot  
  22  3:04  Factory Tech Lab  
  22  3:28  Siege Tank  
  22  3:31  Marine  
  22  3:33  SCV  
  27  3:45  SCV  
  28  3:49  Marine  
  29  4:22  SCV  
Show
View Real Time Build Order
Export as new Build Order

Eatlead Protoss 

Build Orders:  

Get SALT Encoding   

  12  0:13  Pylon  
  12  0:16  Probe (Chrono Boost)  
  13  0:27  Probe (Chrono Boost)  
  14  0:32  Probe (Chrono Boost)  
  15  0:42  Probe  
  16  0:49  Forge  
  16  0:54  Probe  
  17  1:27  Photon Cannon  
  17  1:38  Pylon  
  17  1:45  Gateway  
  17  1:53  Pylon  
  17  2:12  Photon Cannon  
  17  2:13  Photon Cannon  
  16  2:22  Assimilator  
  16  2:24  Assimilator  
  16  2:27  Probe (Chrono Boost)  
  16  2:28  Pylon  
  17  2:34  Cybernetics Core  
  18  2:38  Probe (Chrono Boost)  
  18  2:42  Probe (Chrono Boost)  
  18  2:48  Pylon  
  19  2:53  Probe (Chrono Boost)  
  20  3:03  Probe (Chrono Boost)  
  21  3:08  Probe (Chrono Boost)  
  19  3:44  Photon Cannon  
  18  3:50  Photon Cannon  
  16  4:13  Probe (Chrono Boost)  
  17  4:23  Probe (Chrono Boost)  
Tags
 
League
Platinum
Matchup
PvT
Replay Pack
Multiplayer
Spawn Locations
Cross Positions
Add a new tag
Caveats
  • Supply blocks, unpowered buildings, or Contaminate may cause inaccurate times.
  • Supply counts are checked every 10 seconds.